AoeStats
← CNZS_98T

Arabia

510302226Analyzed
1v1 RM · 23h ago on Sep 30, 2026· 36m 52s· 2 players
Game mode
Random Map
Map size
Tiny (2 player)
Population
200
Speed
Normal
Resources
Standard
Victory
Conquest
Starting age
Dark Age
Ending age
Imperial Age
RankedLock teamsTeams togetherTeam positionsShared explorationLock speedFull tech treeHidden civsTurbo modeCheats
Victory
Defeat
🇳🇱 Jurchens · Netherlands
2556
+17
🇨🇳 Inca · China
2576
-17
CNZS_98T
8:14 Loom
10:37 Feudal Age
14:54 Castle Age
13:04 Double-Bit Axe
13:30 Fletching
25:38 Wheelbarrow
25:30 Horse Collar
26:45 Town Watch
27:42 Bodkin Arrow
29:50 Bow Saw
30:31 Bloodlines
30:22 Husbandry
31:12 Padded Archer Armor
33:28 Hand Cart
35:18 Ballistics
37:54 Imperial Age
35:45 Siege Engineers
_LY_lyx
6:11 Loom
8:17 Feudal Age
9:21 Double-Bit Axe
14:24 Fletching
18:21 Town Watch
22:04 Castle Age
20:59 Padded Archer Armor
20:44 Horse Collar
22:00 Scale Mail Armor
22:31 Champi Runner
23:12 Squires
24:04 Elite Skirmisher
25:05 Bodkin Arrow
27:56 Elite Skirmisher
29:05 Bow Saw
31:23 Chain Mail Armor
32:18 Wheelbarrow
33:07 Champi Warrior
34:05 Forging
Connection lost

Rejoining the realm…

Still unreachable

The connection could not be restored.

Session expired

The server has moved on; the page needs a fresh start.